 Dungeon Crawl Stone Soup version 0.31-a0-441-g867994ef1c (webtiles) character file.

Game seed: 8276437626135118384

3580 floatRand the Basher (level 10, -4/58 HPs)
             Began as a Gargoyle Fighter on Aug 2, 2023.
             Slain by Grum
             ... wielding a -2 heavy glaive
              (34 damage)
             ... on level 8 of the Dungeon.
             The game lasted 00:08:25 (7314 turns).

floatRand the Basher (Gargoyle Fighter)             Turns: 7314, Time: 00:08:26

Health: -4/58      AC: 16    Str: 23    XL:     10   Next: 10%
Magic:  13/13      EV:  8    Int: 10    God:
Gold:   218        SH:  4    Dex:  9    Spells: 9/9 levels left

rFire   . . .        s - +4 flail (freeze)
rCold   . . .        c - +0 buckler
rNeg    + + .        y - +0 chain mail
rPois   ∞            (no helmet)
rElec   +            (no cloak)
rCorr   .            (no gloves)
SInv    .            (no boots)
Will    +....        (no amulet) Stlth
                     g - ring of positive energy
HPRegen 0.29/turn    r - ring of willpower
MPRegen 0.13/turn

%: no passive effects
@: no status effects
A: sickness immunity, AC +7, negative energy resistance 1, electricity
resistance, torment resistance 1, petrification resistance
a: no special abilities


You were on level 8 of the Dungeon.
You visited 2 branches of the dungeon, and saw 9 of its levels.
You also visited: Ossuary.

You collected 438 gold pieces.
You spent 220 gold pieces at shops.

Inventory:

Hand Weapons
 p - a +2 flail of holy wrath
 s - a +4 flail of freezing (weapon)
 x - a +1 heavy morningstar
Armour
 c - a +0 buckler (worn)
 y - a +0 chain mail (worn)
Jewellery
 g - a ring of positive energy (left hand)
 r - a ring of willpower (right hand)
Wands
 z - a wand of flame (28)
 B - a wand of charming (6)
Scrolls
 f - 2 scrolls of enchant weapon
 i - a scroll of fog
 n - a scroll of revelation
 t - 4 scrolls of teleportation
 u - a scroll of amnesia
 v - a scroll of blinking
Potions
 a - a potion of magic
 b - a potion of haste
 d - 5 potions of might
 e - 6 potions of curing
 h - 2 potions of ambrosia
 j - 2 potions of brilliance {unknown}
 k - 6 potions of attraction {unknown}
 l - 2 potions of mutation {unknown}
 m - a potion of lignification
 o - 5 potions of heal wounds {unknown}
 q - 3 potions of enlightenment {unknown}
 w - a potion of berserk rage


   Skills:
 + Level 4.9 Fighting
 + Level 12.9 Maces & Flails
 - Level 3.2 Armour
 - Level 3.2 Shields
 * Level 5.0 Invocations


You had 9 spell levels left.
You didn't know any spells.
Your spell library contained the following spells:

 Spells                   Type           Power      Damage    Failure   Level
 Scorch                   Fire           0%         2d5       99%         2
 Gell's Gravitas          Tloc           0%         N/A       100%        3
 Teleport Other           Tloc           0%         N/A       100%        3
 Tukima's Dance           Hex            0%         N/A       100%        3
 Flame Wave               Conj/Fire      0%         2d4       100%        4
 Passage of Golubria      Tloc           0%         N/A       100%        4
 Silence                  Hex/Air        0%         N/A       100%        5
 Yara's Violent Unravell  Hex/Tmut       0%         3d3       100%        5
 Dispersal                Tloc           0%         N/A       100%        6
 Summon Cactus Giant      Summ           0%         N/A       100%        6
 Lehudib's Crystal Spear  Conj/Erth      0%         10d2      100%        8


Dungeon Overview and Level Annotations

Branches:
Dungeon (8/15)             Temple (1/1) D:7         Ossuary (visited)
   Lair: D:8-11

Altars:
Ashenzari
Dithmenos
Elyvilon
Fedhas
Gozag
Hepliaklqana
Kikubaaqudgha
Makhleb
Nemelex Xobeh
Okawaru
Ru
Sif Muna
Trog
Uskayaw
Vehumet
Wu Jian
Xom
Yredelemnul
Zin
The Shining One

Shops:
D:1 ((:   D:4 *

Annotations:
D:7 3 runed translucent doors, makewrite's ghost, novice SpHu
D:8 Grum


Innate Abilities, Weirdness & Mutations

You are immune to sickness and miasma.
Your stone body is resilient. (AC +7)
You are immune to poison.
You resist negative energy. (rN+)
You are resistant to electric shocks. (rElec)
You are resistant to unholy torment.
You are immune to petrification.


Message History

You block the wolf's attack. The wolf bites you but does no damage.
You miss the wolf. You block the wolf's attack.
You sock the wolf! You freeze the wolf.
The wolf is heavily wounded.
The wolf bites you but does no damage.
Grum the Hunter comes into view.
He is wielding a -2 heavy glaive.
You barely miss the wolf.
The wolf is heavily wounded.
The wolf closely misses you. The wolf barely misses you.
You hit the wolf. You freeze the wolf.
The wolf is severely wounded.
The wolf bites you!
You hit the wolf. You freeze the wolf.
The wolf is severely wounded.
The wolf bites you but does no damage.
You barely miss the wolf.
The wolf is severely wounded.
The wolf bites you. You block Grum's attack. The wolf bites you.
You barely miss the wolf.
The wolf is severely wounded.
The wolf closely misses you.
You hit the wolf. You freeze the wolf.
The wolf is almost dead.
The wolf barely misses you.
Grum hits you from afar with a -2 heavy glaive!
You hear a howl!
You are too injured to fight recklessly!
You are too injured to fight recklessly!
Okay, then.
You bludgeon the wolf!! You freeze the wolf.
You kill the wolf!
Your Invocations skill increases to level 5!
You block Grum's attack.
Unknown command.
You hit Grum. You freeze Grum.
Grum is lightly wounded.
A centaur comes into view.
Grum hits you with a -2 heavy glaive!!
Ouch! That really hurt!
You die...

#### .... #
#### #c #h#
#g##
#@##########
##.........#
##.######.#
#.##
#.#######
#.#
#.>......
#.#
#########
#.# ##


You could see Grum, a wolf and a centaur (wandering).

Vanquished Creatures
  A wyvern (D:7)
  A steam dragon (D:7)
  A water moccasin (D:5)
  An ice beast (D:6)
  A wolf (D:8)
  3 black bears
  3 ogres
  A phantom (D:4)
  A kobold brigand (D:7)
  4 bullfrogs
  3 scorpions
  3 water moccasin zombies (Ossuary)
  11 wights
  6 killer bees (D:6)
  4 hounds
  5 jellies
  5 orc priests
  A sleepcap (D:5)
  4 iguanas
  3 orc wizards
  2 mummies (Ossuary)
  3 gnolls (D:3)
  10 adders
  6 adder zombies (Ossuary)
  A worm (D:2)
  2 dart slugs
  35 orcs
  4 ball pythons
  10 bats
  5 endoplasms
  4 giant cockroaches
  7 goblins
  7 hobgoblins
  9 jackals
  9 kobolds
  3 quokkas (D:4)
  6 frilled lizards
  5 gnoll zombies (Ossuary)
  3 hobgoblin zombies (Ossuary)
  4 kobold zombies (Ossuary)
  5 orc zombies (Ossuary)
  4 rats
206 creatures vanquished.

Vanquished Creatures (others)
  An orc wizard (D:8)
1 creature vanquished.

Grand Total: 207 creatures vanquished

Notes
Turn   | Place    | Note
-------+----------+-------------------------------------------
     0 | D:1      | floatRand the Gargoyle Fighter began the quest for the Orb.
     0 | D:1      | Reached XP level 1. HP: 14/14 MP: 1/1
    59 | D:1      | Reached XP level 2. HP: 19/19 MP: 2/2
   140 | D:1      | Reached skill level 3 in Maces & Flails
   175 | D:1      | Found Vorigrem's Book Shoppe.
   187 | D:1      | Found Socvaeto's Antique Weapon Shoppe.
   221 | D:1      | Found Giesch's Antique Weapon Emporium.
   261 | D:1      | Reached XP level 3. HP: 22/23 MP: 3/3
   307 | D:1      | Found a faded altar of an unknown god.
   890 | D:2      | Reached skill level 4 in Maces & Flails
  1336 | D:2      | Reached XP level 4. HP: 27/28 MP: 4/4
  1894 | D:3      | Reached skill level 5 in Maces & Flails
  1900 | D:3      | Reached XP level 5. HP: 15/32 MP: 5/5
  2560 | D:1      | Bought a runed morningstar for 196 gold pieces
  2671 | D:4      | Noticed a phantom
  2686 | D:4      | Killed a phantom
  2687 | D:4      | Reached skill level 6 in Maces & Flails
  2687 | D:4      | Reached XP level 6. HP: 33/37 MP: 6/6
  2716 | D:4      | Found Fyross's Assorted Antiques.
  2724 | D:4      | Bought a scroll labelled ABLIGHICER for 24 gold pieces
  2820 | D:4      | Identified the +3 war axe "Ryarph Ruoc" {freeze, rPois}
  3082 | D:4      | Reached skill level 7 in Maces & Flails
  3438 | D:5      | Entered Level 5 of the Dungeon
  3479 | D:5      | Noticed a black bear
  3493 | D:5      | Killed a black bear
  3494 | D:5      | Reached XP level 7. HP: 22/41 MP: 7/7
  3684 | D:5      | Reached skill level 8 in Maces & Flails
  4274 | D:5      | Reached skill level 9 in Maces & Flails
  4274 | D:5      | Reached XP level 8. HP: 46/46 MP: 8/8
  4705 | D:6      | Reached skill level 10 in Maces & Flails
  4905 | D:6      | Reached skill level 11 in Maces & Flails
  5100 | D:6      | Reached XP level 9. HP: 19/51 MP: 9/9
  5569 | D:7      | Found a sand-covered staircase.
  5586 | D:7      | Found a staircase to the Ecumenical Temple.
  5596 | D:7      | Reached skill level 12 in Maces & Flails
  5624 | Temple   | Entered the Ecumenical Temple
  5671 | Ossuary  | Entered an ossuary
  6023 | D:7      | Reached skill level 1 in Invocations
  6270 | D:7      | Found a runed translucent gate.
  6271 | D:7      | Found a runed translucent gate.
  6272 | D:7      | Found a runed translucent gate.
  6287 | D:7      | Noticed a troll
  6287 | D:7      | Noticed makewrite's ghost (novice SpHu)
  7063 | D:8      | Reached XP level 10. HP: 50/58 MP: 13/13
  7305 | D:8      | Noticed Grum
  7313 | D:8      | Reached skill level 5 in Invocations
  7314 | D:8      | Slain by Grum

Illustrated notes

Levels and vault maps discovered:
D:1:      erik_arrival_cave_to_civilisation [erik_arrival_cave_to_hall],
          layout_basic, serial_shops, shop, shop, shop,
          dreamdust_ecumenical_altar_hidden_monk_grotto
D:2:      layout_basic
D:3:      layout_rooms, serial_aquarium, aquarium_bridge_square
          [aquarium_subvault_bridge, aquarium_subvault_balcony,
          aquarium_subvault_bridge, aquarium_subvault_window],
          aquarium_bridge_straight [aquarium_subvault_bridge,
          aquarium_subvault_wall, aquarium_subvault_bridge,
          aquarium_subvault_window], aquarium_window_fake, aquarium_window_2,
          aquarium_window_fake, aquarium_view_2e, aquarium_balcony_3a
D:4:      layout_gridville, serial_shops, shop, minivault_24,
          grunt_ministairs_15
D:5:      layout_basic
D:6:      layout_loops_ring
D:7:      layout_basic, minmay_temple_entry_crystal_x, gammafunk_ghost_split,
          enter_ossuary_1, amcnicky_mini_pool_small, minmay_fractal_squares_5
D:8:      layout_loops_ring, nicolae_qazlal_scattered_showers, uniq_grum,
          uniq_maurice, uniq_amaemon
Temple:   mainiacjoe_temple_big_plus

Skill      XL: |  1  2  3  4  5  6  7  8  9 10 |
---------------+-------------------------------+-----
Maces & Flails | 3 4 5 6 7 9 11 12 | 12.9
Invocations    | 4 5 |  5.0
Fighting       | 4 |  4.9
Armour         | |  3.2
Shields        | |  3.2

Action                     |  1- 3 |  4- 6 |  7- 9 | 10-12 || total
---------------------------+-------+-------+-------+-------++-------
  Melee: Flail             |   141 |   149 |     6 |    26 ||   322
         Morningstar       |       |    84 |   362 |       ||   446
    Use: Scroll            |       |    10 |     8 |       ||    18
         Potion            |       |       |     3 |       ||     3
 Armour: Scale mail        |    78 |    79 |       |       ||   157
         Chain mail        |       |    80 |   226 |    12 ||   318
  Dodge: Dodged            |    69 |   126 |   134 |     7 ||   336
  Block: Buckler           |    22 |    47 |    56 |     6 ||   131

Table legend: (Time is in decaauts)
 A = Elapsed time spent in this place.
 B = Non-inter-level travel time spent in this place.
 C = Inter-level travel time spent in this place.
 D = Time resting spent in this place.
 E = Time spent auto-exploring this place.
 F = Levels seen in this place.
 G = Mean time per level.
                   A        B        C        D        E       F      G
               +--------+--------+--------+--------+--------+-----+--------+
         Total |   7388 |   7166 |    222 |   1102 |   4076 |  10 |  738.8 |
       Dungeon |   7120 |   6898 |    222 |   1021 |   4057 |   8 |  890.0 |
        Temple |     19 |     19 |      0 |      0 |      0 |   1 |   19.0 |
       Ossuary |    248 |    248 |      0 |     81 |     19 |   1 |  248.0 |
               +--------+--------+--------+--------+--------+-----+--------+

Top non-repeatable levels by time:
     D:7: 1191 daAuts
     D:6: 1092 daAuts
     D:2: 963 daAuts
     D:5: 958 daAuts
     D:4: 943 daAuts
     D:1: 816 daAuts
     D:3: 797 daAuts
     D:8: 356 daAuts
 Ossuary: 248 daAuts
  Temple: 19 daAuts
